 Dungeon Crawl Stone Soup version 0.31-a0-986-g5e6e4ef867 (webtiles) character file.

Game seed: 12593481028295613364

25394 porpoise the Grappler (level 12, -6/91 HPs)
             Began as a Demonspawn Gladiator on Nov 4, 2023.
             Was an Elder of Uskayaw.
             Mangled by a komodo dragon (26 damage)
             ... on level 2 of the Lair of Beasts.
             The game lasted 00:53:17 (16282 turns).

porpoise the Grappler (Demonspawn Gladiator)       Turns: 16282, Time: 00:53:17

Health: -6/91      AC: 15    Str: 17    XL:     12   Next: 89%
Magic:  21/21      EV: 12    Int: 12    God:    Uskayaw [****..]
Gold:   627        SH:  0    Dex: 15    Spells: 11/11 levels left

rFire   + .          .
                       - Unarmed
rCold   + . .        (no shield)
rNeg    . . .        w - +2 scale mail {rF+}
rPois   .            c - +1 helmet
rElec   .            (no cloak)
rCorr   +            (gloves unavailable)
SInv    .            (no boots)
Will    .....        (no amulet) Stlth
                     q - ring of protection from cold
HPRegen 0.35/turn    r - ring of resist corrosion
MPRegen 0.17/turn

%: no passive effects
@: no status effects
A: claws 3, yellow scales 2, foul stench 2, powered by death 1
a: Renounce Religion, Stomp, Line Pass


You were on level 2 of the Lair of Beasts.
You worshipped Uskayaw.
Uskayaw was pleased with you.
You visited 3 branches of the dungeon, and saw 15 of its levels.
You also visited: Gauntlet.

You collected 683 gold pieces.
You spent 56 gold pieces at shops.

Inventory:

Hand Weapons
 b - the +8 war axe "Daoky" {flame, rPois}
   (You found it on level 8 of the Dungeon)

   rPois:     It protects you from poison
Missiles
 a - 3 poisoned darts
 d - 2 throwing nets (quivered)
 D - 6 curare-tipped darts
 G - 2 darts of dispersal
Armour
 c - a +1 helmet (worn)
 w - a +2 scale mail of fire resistance (worn)
Jewellery
 q - a ring of protection from cold (left claw)
 r - a ring of resist corrosion (right claw)
Wands
 p - a wand of digging (9)
 v - a wand of flame (13)
 B - a wand of iceblast (20)
 I - a wand of acid (10)
 P - a wand of polymorph (6)
Scrolls
 i - a scroll of butterflies {unknown}
 l - a scroll of blinking {unknown}
 n - a scroll of enchant armour
 o - a scroll of poison
 y - a scroll of vulnerability
 H - 2 scrolls of immolation
 K - 4 scrolls of teleportation
Potions
 k - 2 potions of attraction
 m - 3 potions of ambrosia
 t - a potion of enlightenment
 A - a potion of haste
 E - 3 potions of cancellation {unknown}
 L - a potion of might {unknown}


   Skills:
 - Level 7.0 Fighting
 - Level 2.8 Polearms
 - Level 2.0 Throwing
 - Level 7.0 Armour
 - Level 7.0 Dodging
 * Level 13.5 Unarmed Combat
 + Level 12.6 Invocations
 + Level 4.0 Evocations


You had 11 spell levels left.
You didn't know any spells.
Your spell library contained the following spells:

 Spells                   Type           Power      Damage    Failure   Level
 Apportation              Tloc           0%         N/A       67%         1
 Magic Dart               Conj           0%         1d3       67%         1
 Necrotise                Necr           0%         1d4       67%         1
 Sting                    Tmut/Pois      0%         1d3       67%         1
 Summon Small Mammal      Summ           0%         N/A       67%         1
 Blink                    Tloc           0%         N/A       82%         2
 Poisonous Vapours        Pois/Air       0%         N/A       82%         2
 Searing Ray              Conj           0%         2d4       82%         2
 Mephitic Cloud           Conj/Pois/Air  0%         N/A       96%         3
 Tukima's Dance           Hex            0%         N/A       96%         3
 Animate Dead             Necr           0%         N/A       100%        4
 Fulminant Prism          Conj/Hex       0%         3d5       100%        4
 Manifold Assault         Tloc           0%         N/A       100%        4
 Olgreb's Toxic Radiance  Pois           0%         N/A       100%        4
 Passage of Golubria      Tloc           0%         N/A       100%        4
 Borgnjor's Vile Clutch   Necr/Erth      0%         N/A       100%        5
 Freezing Cloud           Conj/Ice/Air   0%         6-21      100%        5
 Yara's Violent Unravell  Hex/Tmut       0%         3d3       100%        5
 Death Channel            Necr           0%         N/A       100%        6
 Haunt                    Necr/Summ      0%         N/A       100%        7
 Infestation              Necr           0%         N/A       100%        8


Dungeon Overview and Level Annotations

Branches:
Dungeon (11/15)            Temple (1/1) D:4            Lair (3/5) D:11
 Shoals (0/4) Lair:2       Spider (0/4) Lair:2          Orc (0/2) D:9
Gauntlet (visited)

Altars:
Ashenzari
Cheibriados
Dithmenos
Fedhas
Gozag
Hepliaklqana
Kikubaaqudgha
Makhleb
Nemelex Xobeh
Okawaru
Qazlal
Ru
Sif Muna
Trog
Uskayaw
Vehumet
Wu Jian
Xom
Yredelemnul

Shops:
D:2 =   D:9 ?

Annotations:
D:8 2 transporters, exclusion: 2 oklob plants, IdlyInterested's ghost, novice DsFi
D:9 exclusion: downstairs
D:11 1 runed translucent door, perezv8180's ghost, journeyman MfGl
Lair:2 1 runed translucent door, avis's ghost, journeyman FeSh


Innate Abilities, Weirdness & Mutations

You have claws for hands.
You are mostly covered in yellow scales. (AC +3)
You sometimes emit foul miasma when damaged in melee.
You regenerate a little health from kills.


Message History

You eviscerate the blink frog!!!
You kill the blink frog!
The black mamba bites you but does no damage.
The black mamba bites you!
Uskayaw will force your foes to share their pain.
Your Evocations skill increases to level 4!
You claw the black mamba!
The black mamba is moderately wounded.
The black mamba bites you but does no damage.
You scratch the black mamba.
The black mamba is heavily wounded.
The black mamba barely misses you.
A komodo dragon comes into view.
Uskayaw links your audience in an emotional bond!
You scratch the black mamba but do no damage.
The black mamba is heavily wounded.
The black mamba bites you! The black mamba barely misses you.
You closely miss the black mamba.
The black mamba is heavily wounded.
The black mamba bites you!
You are poisoned.
The black mamba poisons you! The komodo dragon barely misses you.
You miss the black mamba.
The black mamba is heavily wounded.
You feel very sick. The black mamba bites you!
You are more poisoned.
The black mamba poisons you! The komodo dragon bites you!!
You closely miss the black mamba. Your claw misses the black mamba.
The black mamba is heavily wounded.
* * * LOW HITPOINT WARNING * * *
You feel very sick. The black mamba bites you.
* * * LOW HITPOINT WARNING * * *
The black mamba bites you!
* * * LOW HITPOINT WARNING * * *
You are more poisoned.
The black mamba poisons you!
You feel better. The komodo dragon bites you!!
You die...

#♣...♣ ♣♣...........♣♣#♣.♣.♣#....
#♣♣.♣♣########'###### #.♣.♣.#....
#♣...♣#.....#...#♣♣.♣♣#♣.♣.♣#....
#.~~~.♣†♣.♣.♣...♣♣...♣♣♣♣.♣♣#....
..~~~.†.♣.♣.'>8<'................
#.~~~.♣.♣♣♣÷♣...♣♣...♣♣♣♣.♣♣#....
#♣...♣#.♣ ♣.#...#♣♣.♣♣#♣.♣.♣#....
#♣♣.♣♣###*####'###### #.♣.♣.#....
#♣...♣ **,,,,♣.♣@...♣*#♣.♣.♣#....
#♣♣.♣♣**,,,,♣.♣l♣S...♣#.♣.♣.#....
#♣...♣*,,,,,♣♣♣♣♣.....#♣.♣.♣#....
#♣♣.♣♣**,,,,*,*,*....♣#.♣.♣.#....
#######**,,,,*,*,...♣♣#######...#
......# ******,**#### #.........#
......#**,***,,,***,**#.....[...#
......#*,~,*,~~~,*,~,*#.........#
......#,~~~,*~~~*,~~~,#.........#


You could see a komodo dragon (pain bonded) and a black mamba (pain bonded).

Vanquished Creatures
  A boulder beetle (D:9)
  A two-headed ogre (D:10)
  A skyshark (Lair:2)
  An oklob plant (D:11)
  A merfolk siren (Lair:2)
  8 elephants
  5 black mambas
  7 cane toads
  A torpor snail (Lair:2)
  An unseen horror (D:11)
  7 komodo dragons
  2 rime drakes (Lair:2)
  A polar bear (Lair:2)
  A troll (D:11)
  A blink frog (Lair:2)
  A culicivora (Lair:2)
  A wraith (D:11)
  36 yaks
  A vampire (D:9)
  A jumping spider (Lair:2)
  2 wyverns
  3 steam dragons
  3 basilisks
  2 vampire mosquitoes (D:11)
  An acid dragon (D:8)
  11 water moccasins
  6 orc warriors
  2 sky beasts
  2 black bears
  4 wolves
  An ogre (D:5)
  A phantom (D:4)
  2 kobold brigands
  12 bullfrogs
  A gnoll sergeant (D:10)
  3 scorpions
  14 wights
  5 killer bees
  7 howler monkeys
  2 jellies
  4 hounds
  3 iguanas
  5 orc priests
  2 sleepcaps (D:5)
  14 orc wizards
  A hell rat (Lair:2)
  4 gnolls (D:10)
  10 adders
  4 white imps
  4 ufetubi
  A worm (D:2)
  6 dart slugs
  43 orcs
  5 ball pythons
  6 bats
  10 endoplasms
  6 giant cockroaches
  2 goblins
  6 hobgoblins
  5 quokkas
  3 frilled lizards (D:2)
  18 kobolds
  5 rats
330 creatures vanquished.

Vanquished Creatures (others)
  An orc wizard (D:9)
1 creature vanquished.

Grand Total: 331 creatures vanquished

Notes
Turn   | Place    | Note
-------+----------+-------------------------------------------
     0 | D:1      | porpoise the Demonspawn Gladiator began the quest for the
                  | Orb.
     0 | D:1      | Reached XP level 1. HP: 16/16 MP: 1/1
   328 | D:1      | Gained mutation: You have sharp fingernails. [demonic
                  | ancestry]
   328 | D:1      | Reached XP level 2. HP: 22/22 MP: 2/2
   580 | D:1      | Found a faded altar of an unknown god.
  1119 | D:2      | Reached skill level 1 in Unarmed Combat
  1158 | D:2      | Gained mutation: You may rarely emit foul miasma when
                  | damaged in melee. [demonic ancestry]
  1158 | D:2      | Reached XP level 3. HP: 28/28 MP: 3/3
  1179 | D:2      | Found a shadowy altar of Dithmenos.
  1285 | D:2      | Found Daytseqo's Jewellery Shoppe.
  1851 | D:2      | Reached XP level 4. HP: 26/35 MP: 4/4
  2168 | D:3      | Reached skill level 2 in Unarmed Combat
  2189 | D:3      | Identified the +1 short sword "Faosagacs" {heavy, +Blink
                  | rPois rN++ Will-}
  2706 | D:3      | Gained mutation: You are partially covered in yellow
                  | scales. (AC +2) [demonic ancestry]
  2706 | D:3      | Reached XP level 5. HP: 41/42 MP: 5/5
  2770 | D:3      | Found a sparkling altar of Nemelex Xobeh.
  2900 | D:3      | Found a snail-covered altar of Cheibriados.
  2900 | D:3      | Found a bloodstained altar of Trog.
  2901 | D:3      | Found a sacrificial altar of Ru.
  3235 | D:4      | Reached skill level 3 in Unarmed Combat
  3316 | D:4      | Identified the +5 long sword of the Coward {freeze, rElec
                  | rF- Str+7}
  3320 | D:4      | Found a shadowy altar of Dithmenos.
  3358 | D:4      | Noticed a phantom
  3370 | D:4      | Killed a phantom
  3371 | D:4      | Gained mutation: You sometimes emit foul miasma when
                  | damaged in melee. [demonic ancestry]
  3371 | D:4      | Reached XP level 6. HP: 42/49 MP: 6/6
  3403 | D:4      | You fall into a shaft and drop 1 floor!
  3403 | D:5      | Entered Level 5 of the Dungeon
  3424 | D:5      | Reached skill level 5 in Fighting
  3476 | D:5      | Reached skill level 4 in Unarmed Combat
  3684 | D:5      | Reached XP level 7. HP: 45/56 MP: 7/7
  3754 | D:5      | Found an opulent altar of Gozag.
  3852 | D:4      | Found a staircase to the Ecumenical Temple.
  3867 | Temple   | Entered the Ecumenical Temple
  3877 | Temple   | Became a worshipper of Uskayaw the Reveller
  3911 | D:4      | Reached * piety under Uskayaw
  4454 | D:5      | Reached ** piety under Uskayaw
  4455 | D:5      | Reached skill level 1 in Invocations
  4858 | D:6      | Reached skill level 5 in Unarmed Combat
  4932 | D:6      | Reached *** piety under Uskayaw
  4936 | D:6      | Reached **** piety under Uskayaw
  4943 | D:6      | Reached ***** piety under Uskayaw
  4972 | D:6      | Reached XP level 8. HP: 39/65 MP: 8/10
  5447 | D:6      | Reached skill level 6 in Unarmed Combat
  5581 | D:6      | Reached skill level 1 in Armour
  6662 | D:7      | Reached skill level 7 in Unarmed Combat
  6718 | D:7      | Found an iron altar of Okawaru.
  6817 | D:7      | Reached skill level 5 in Invocations
  6837 | D:7      | Gained mutation: You have very sharp fingernails. [demonic
                  | ancestry]
  6837 | D:7      | Reached XP level 9. HP: 68/72 MP: 12/12
  7368 | D:7      | Reached skill level 8 in Unarmed Combat
  7851 | D:8      | Identified the +8 war axe "Daoky" {flame, rPois}
  8184 | D:8      | Found a transporter.
  8198 | D:8      | Noticed an oklob plant
  8204 | D:8      | Noticed an oklob plant
  8204 | D:8      | Noticed IdlyInterested's ghost (novice DsFi)
  8221 | D:8      | Found a transporter.
  8221 | D:8      | Noticed a boulder beetle
  8222 | D:8      | Noticed a boulder beetle
  8356 | D:9      | Noticed a boulder beetle
  8373 | D:8      | Reached skill level 9 in Unarmed Combat
  8513 | D:8      | Gained mutation: You have claws for hands. [demonic
                  | ancestry]
  8513 | D:8      | Reached XP level 10. HP: 55/79 MP: 15/15
  9241 | D:9      | Found a staircase to the Orcish Mines.
  9611 | D:9      | Reached skill level 5 in Armour
  9688 | D:9      | Killed a boulder beetle
  9839 | D:9      | Found Decoarph's Magic Scroll Boutique.
  9842 | D:9      | Bought a scroll of noise for 14 gold pieces
  9842 | D:9      | Bought a scroll of teleportation for 42 gold pieces
 10070 | D:9      | Reached skill level 10 in Unarmed Combat
 10149 | D:10     | Entered Level 10 of the Dungeon
 10462 | D:10     | Found a shimmering blue altar of Sif Muna.
 10463 | D:10     | Found a hazy altar of Hepliaklqana.
 10463 | D:10     | Found a burning altar of Makhleb.
 10642 | D:10     | Noticed a two-headed ogre
 10653 | D:10     | Killed a two-headed ogre
 10946 | D:11     | Noticed perezv8180's ghost (journeyman MfGl)
 11260 | D:11     | Gained mutation: You are mostly covered in yellow scales.
                  | (AC +3) [demonic ancestry]
 11260 | D:11     | Reached XP level 11. HP: 84/84 MP: 18/18
 11353 | D:11     | Noticed an oklob plant
 11354 | D:11     | Found a staircase to the Lair.
 11365 | D:11     | Killed an oklob plant
 11692 | D:11     | Found a runed translucent door.
 11989 | Lair:1   | Entered Level 1 of the Lair of Beasts
 12042 | Lair:1   | Reached skill level 11 in Unarmed Combat
 12133 | Lair:1   | Reached skill level 10 in Invocations
 12142 | Lair:1   | Reached ****** piety under Uskayaw
 12769 | Lair:1   | Reached skill level 5 in Dodging
 13705 | Lair:1   | Reached skill level 12 in Unarmed Combat
 13995 | Lair:1   | Gained mutation: You regenerate a little health from kills.
                  | [demonic ancestry]
 13995 | Lair:1   | Reached XP level 12. HP: 53/91 MP: 15/20
 14573 | Lair:2   | You fall into a shaft and drop 1 floor!
 14804 | Lair:2   | Found a hazy altar of Hepliaklqana.
 14836 | Lair:2   | Found a gate leading to a gauntlet.
 14845 | Gauntlet | Entered a Gauntlet
 14845 | Gauntlet | Found a transporter.
 14845 | Gauntlet | Found a transporter.
 14855 | Gauntlet | Found a transporter.
 14859 | Gauntlet | Found a transporter.
 14877 | Gauntlet | Found a transporter.
 14881 | Gauntlet | Found a transporter.
 14895 | Gauntlet | Found a transporter.
 14911 | Gauntlet | Noticed a green death
 14912 | Gauntlet | Found a transporter.
 14917 | Gauntlet | Found a transporter.
 14939 | Gauntlet | Found a transporter.
 14953 | Gauntlet | Found a transporter.
 14957 | Gauntlet | Found a transporter.
 15291 | Lair:2   | Found a runed translucent door.
 15296 | Lair:2   | Noticed avis's ghost (journeyman FeSh)
 15331 | Lair:2   | Reached skill level 1 in Evocations
 15364 | Lair:2   | Found a hole to the Spider Nest.
 15648 | Lair:2   | Found a staircase to the Shoals.
 15840 | Lair:2   | Reached skill level 13 in Unarmed Combat
 16282 | Lair:2   | Mangled by a komodo dragon

Illustrated notes

Levels and vault maps discovered:
D:1:      dpeg_arrival_simpleton_c, layout_loops_corners,
          hellmonk_ecumenical_altar_zigzags, lemuel_flame_loot_1
D:2:      wad_woods_stonehenge, layout_loops_ring, serial_shops,
          nicolae_shop_hallway_stairs
D:3:      layout_basic, overflow_temple_1_default,
          gammafunk_temple_overflow_claw
D:4:      layout_basic, nicolae_dithmenos_shadow_blocks,
          minmay_temple_entry_glass
D:5:      layout_basic, grunt_gozag_breadcrumbs
D:6:      layout_loops_cross, st_stairs_9, grunt_ministairs_14,
          nicolae_hexahallways
D:7:      layout_basic, mainiacjoe_overflow_concentric_impassable
D:8:      layout_gridville, nzn_ghost_randoct
D:9:      layout_cave_pools, erik_orc_2, serial_shops, nicolae_shop_rolled_up
D:10:     layout_rooms, elyvilon_altar_4,
          chequers_temple_overflow_statue_of_worship
D:11:     layout_irregular_city, dpeg_oklobed_lair, hellmonk_ghost_big_iron
Temple:   jpeg_temple_clearing
Lair:1:   layout_layer_cave, chequers_serial_rivers_large_a,
          grunt_forest_small_clearings, grunt_megastairs_1
Lair:2:   nzn_winding_woodlands_stair_cross
          [nzn_winding_woodlands_5x15_split_checker,
          nzn_winding_woodlands_center_lodge,
          nzn_winding_woodlands_5x15_longhouse,
          nzn_winding_woodlands_5x5_open_star, nzn_winding_woodlands_5x5_three,
          nzn_winding_woodlands_5x15_parted,
          nzn_winding_woodlands_center_triple_pond,
          nzn_winding_woodlands_5x15_pool], layout_regular_city,
          minmay_shoals_entry_lonely_mermaid, spider_nest_entry_funnel_web,
          ebering_ghost_inner_flame, basic_altar, gauntlet_entry_generic,
          chequers_serial_rivers_small_3
Lair:3:   layout_small_grid, dpeg_oklob_1

Skill      XL: |  1  2  3  4  5  6  7  8  9 10 11 12 |
---------------+-------------------------------------+-----
Throwing       | 2 |  2.0
Unarmed Combat | 1 2 3 4 5 7 9 10 12 13 | 13.5
Fighting       | 3 4 5 6 7 |  7.0
Invocations    | 2 5 7 9 11 12 | 12.6
Armour         | 2 4 6 7 |  7.0
Dodging        | 6 7 |  7.0
Evocations     | 4 |  4.0
Polearms       | |  2.8

Action                     |  1- 3 |  4- 6 |  7- 9 | 10-12 || total
---------------------------+-------+-------+-------+-------++-------
  Melee: Trident           |   122 |   170 |       |     2 ||   294
         Punch             |     2 |     4 |    20 |    50 ||    76
         Unarmed           |       |    21 |   359 |   536 ||   916
         War axe           |       |       |       |    14 ||    14
  Throw: Throwing net      |       |       |       |     1 ||     1
 Invoke: Stomp             |       |       |       |     1 ||     1
         Line Pass         |       |       |       |     4 ||     4
    Use: Potion            |       |     1 |       |     2 ||     3
         Scroll            |       |       |     8 |     8 ||    16
   Stab: Sleeping          |     2 |       |       |       ||     2
         Paralysed         |       |       |     7 |    45 ||    52
 Armour: Leather armour    |    20 |       |       |       ||    20
         Scale mail        |    35 |   104 |   285 |   392 ||   816
  Dodge: Dodged            |    40 |    74 |   133 |   207 ||   454

Table legend: (Time is in decaauts)
 A = Elapsed time spent in this place.
 B = Non-inter-level travel time spent in this place.
 C = Inter-level travel time spent in this place.
 D = Time resting spent in this place.
 E = Time spent auto-exploring this place.
 F = Levels seen in this place.
 G = Mean time per level.
                   A        B        C        D        E       F      G
               +--------+--------+--------+--------+--------+-----+--------+
         Total |  16195 |  15831 |    364 |   5122 |   7643 |  16 | 1012.2 |
       Dungeon |  11947 |  11627 |    320 |   3564 |   5922 |  11 | 1086.1 |
        Temple |     20 |      1 |     19 |      0 |      0 |   1 |   20.0 |
          Lair |   4031 |   4007 |     24 |   1558 |   1721 |   3 | 1343.7 |
      Gauntlet |    195 |    195 |      0 |      0 |      0 |   1 |  195.0 |
               +--------+--------+--------+--------+--------+-----+--------+

Top non-repeatable levels by time:
  Lair:1: 2424 daAuts
     D:8: 1548 daAuts
  Lair:2: 1527 daAuts
     D:9: 1384 daAuts
     D:6: 1356 daAuts
     D:7: 1149 daAuts
     D:2: 1087 daAuts
     D:1: 1082 daAuts
    D:11: 1035 daAuts
     D:5: 985 daAuts
     D:3: 932 daAuts
     D:4: 778 daAuts
    D:10: 608 daAuts
Gauntlet: 195 daAuts
  Lair:3: 79 daAuts
